 Dungeon Crawl Stone Soup version 0.29.0-13-gc9e81de378 (webtiles) character file.

Game seed: 7688337956044124256

257 groovy9 the Cleaver (level 5, 0/67 HPs)
             Began as a Minotaur Berserker on Sept 9, 2022.
             Was a Believer of Trog.
             Succumbed to an orc priest's poison
             ... on level 4 of the Dungeon.
             The game lasted 00:07:05 (3484 turns).

groovy9 the Cleaver (Minotaur Berserker)            Turns: 3484, Time: 00:07:06

Health: 0/67       AC:  6    Str: 23      XL:     5   Next: 93%
Magic:  4/4        EV: 11    Int:  1 (4)  God:    Trog [**....]
Gold:   146        SH:  0    Dex:  9 (10) Spells: 4/4 levels left

rFire   . . .      SeeInvis +   a - +0 hand axe
rCold   . . .      Faith    .   (no shield)
rNeg    . . .      Spirit   .   e - +0 ring mail
rPois   .          Reflect  .   (helmet restricted)
rElec   .          Harm     .   (no cloak)
rCorr   .          Rampage  .   (no gloves)
Will    ++...                   n - +0 pair of boots
Stlth   ..........              (no amulet)
HPRegen 1.21/turn               (no ring)
MPRegen 0.09/turn               (no ring)

@: berserking (expiring), lethally poisoned (0 -> -8), strong-willed,
regenerating, very quick
A: horns 2, retaliatory headbutt, see invisible, wild magic 1
a: Renounce Religion, Berserk, Trog's Hand


You were on level 4 of the Dungeon.
You worshipped Trog.
Trog was pleased with you.
You visited 1 branch of the dungeon, and saw 4 of its levels.

You collected 146 gold pieces.

Inventory:

Hand Weapons
 a - a +0 hand axe (weapon)
Missiles
 c - 6 boomerangs (quivered)
Armour
 b - a +0 animal skin
 e - a +0 ring mail (worn)
 n - a +0 pair of boots (worn)
Wands
 f - a wand of flame (25)
 g - a wand of light (5)
 p - a wand of digging (1)
Scrolls
 i - a scroll of identify
 l - a scroll of magic mapping
 m - a scroll of blinking {unknown}
Potions
 d - a potion of resistance {unknown}
 h - a potion of curing
 j - a potion of brilliance {unknown}
 k - a potion of mutation
 o - a potion of haste {unknown}
 q - a potion of attraction


   Skills:
 - Level 3.6 Fighting
 + Level 8.1 Axes
 - Level 2.4 Armour
 - Level 2.1 Dodging


You had 4 spell levels left.
You didn't know any spells.
Your spell library was empty.

Dungeon Overview and Level Annotations

Branches:
Dungeon (4/15)
 Temple: D:4-7

Altars:
Gozag
Uskayaw
The Shining One


Innate Abilities, Weirdness & Mutations

You have a pair of horns on your head.
You reflexively headbutt those who attack you in melee.
You have supernaturally acute eyesight. (SInv)
Your spells are a little harder to cast, but a little more powerful.


Message History

The hound bites you but does no damage.
The kobold throws a stone.
The stone barely misses you. The orc priest barely misses you.
Your skin crawls.
You feel strong-willed.
You feel very sick. The hound bites you.
* * * LOW HITPOINT WARNING * * *
The orc priest closely misses you. The hound barely misses you.
A red film seems to cover your vision as you go berserk!
You feel yourself moving faster!
You feel mighty!
You feel very sick. The hound bites you but does no damage.
The orc priest hits you from afar with a +2 trident of venom.
* * * LOW HITPOINT WARNING * * *
You are more poisoned.
The kobold hits you but does no damage.
You hit the kobold.
The kobold is severely wounded.
You barely miss the hound.
* * * LOW HITPOINT WARNING * * *
You feel very sick. The hound bites you but does no damage.
The orc priest barely misses you. The kobold barely misses you.
You furiously retaliate!
You headbutt the kobold!
You kill the kobold!
Trog accepts your kill.
* * * LOW HITPOINT WARNING * * *
You feel sick. The hound barely misses you.
Items here: ! (( ))) [ †.
You closely miss the hound. You headbutt the hound!
You kill the hound!
Trog accepts your kill.
* * * LOW HITPOINT WARNING * * *
You feel sick.
The orc priest hits you but does no damage.
You are lethally poisoned!
Your Axes skill increases to level 8!
* * * LOW HITPOINT WARNING * * *
You feel very sick.
You feel a strong urge to attack something.
You die...

#.# .. ..#.# #.#.###
.... ......#
##.#.#.#.#.#...
............##
#.#.#.#.#.#.#.###
#......o.........
.#.#.#@#)#.#.#..#
#.......).....#
#.#.#.#.#.#.#.#
#.............#
#..#.#.#.#.#..######
#...........).......
###.#.#.#.#...######
#........##.#
#.#########.#


You could see an orc priest.

Vanquished Creatures
  2 hounds
  Natasha (D:2)
  An orc wizard (D:4)
  Robin (D:2)
  4 gnolls (D:2)
  3 adders
  A worm (D:2)
  3 orcs (D:4)
  A ball python (D:2)
  2 bats (D:1)
  4 endoplasms
  15 goblins (D:2)
  6 hobgoblins
  3 jackals (D:2)
  2 quokkas
  3 frilled lizards (D:2)
  9 kobolds
  4 rats
65 creatures vanquished.

Notes
Turn   | Place    | Note
-------+----------+-------------------------------------------
     0 | D:1      | groovy9 the Minotaur Berserker began the quest for the Orb.
     0 | D:1      | Reached XP level 1. HP: 19/19 MP: 0/0
   235 | D:1      | Reached skill level 4 in Axes
   581 | D:1      | Found a faded altar of an unknown god.
   949 | D:1      | Reached XP level 2. HP: 26/26 MP: 1/1
  1554 | D:2      | Reached skill level 5 in Axes
  1554 | D:2      | Reached XP level 3. HP: 29/31 MP: 2/2
  1689 | D:2      | Noticed Robin
  1693 | D:2      | Reached skill level 6 in Axes
  1693 | D:2      | Reached XP level 4. HP: 39/39 MP: 3/3
  1707 | D:2      | Killed Robin
  1815 | D:2      | Reached ** piety under Trog
  1839 | D:2      | Found a hide-covered altar of Uskayaw.
  2077 | D:2      | Noticed Natasha
  2084 | D:2      | Killed Natasha
  2494 | D:2      | Reached XP level 5. HP: 45/45 MP: 4/4
  2526 | D:2      | Gained mutation: Your spells are a little harder to cast,
                  | but a little more powerful. [potion of mutation]
  2526 | D:2      | Gained mutation: You have supernaturally acute eyesight.
                  | (SInv) [potion of mutation]
  2608 | D:3      | Reached skill level 7 in Axes
  2683 | D:3      | Found a faded altar of an unknown god.
  3232 | D:3      | Found an opulent altar of Gozag.
  3407 | D:3      | Found a glowing golden altar of the Shining One.
  3483 | D:4      | Reached skill level 8 in Axes
  3483 | D:4      | HP: 3/67 [poisoned by an orc priest]
  3484 | D:4      | Succumbed to an orc priest's poison

Illustrated notes

Levels and vault maps discovered:
D:1:      shiori_arrival_maze, layout_basic,
          shapermc_ecumenical_altar_totnotflames, chequers_serial_rivers_room_b
D:2:      layout_basic, basic_altar, hangedman_glass_teeth, uniq_natasha,
          uniq_robin
D:3:      layout_basic, pdpol_temple_overflow_zin_treasury_gozag_greed,
          nicolae_overflow_ecumenical_swirl
D:4:      layout_loops_ring, serial_shops, shop, nicolae_shop_trees,
          nicolae_shop_waterfront, shop, hex_medium

Skill      XL: |  1  2  3  4  5 |
---------------+----------------+-----
Axes           | 4 5 6 8 |  8.1
Fighting       | |  3.6
Armour         | |  2.4
Dodging        | |  2.1

Action                   |  1- 3 |  4- 6 || total
-------------------------+-------+-------++-------
Melee: Hand axe          |    50 |   109 ||   159
       Headbutt          |     5 |    14 ||    19
       Punch             |       |     1 ||     1
Throw: Boomerang         |     3 |       ||     3
Invok: Berserk           |     1 |     2 ||     3
       Trog's Hand       |       |     1 ||     1
  Use: Potion            |     1 |     3 ||     4
       Scroll            |     1 |     1 ||     2
Armor: Ring mail         |    16 |    46 ||    62
       Animal skin       |     1 |       ||     1
Dodge: Dodged            |    21 |    70 ||    91
